Map: Lerilak Crest

Players

Wintersc2 (Winter) - Winner!

  • Race: Zerg Zerg

MorroW

  • Race: Protoss Protoss

VOD

Have the link to the VOD?

Description

Time

  • Played on: April 7, 2015, 1:06 p.m.
  • Length: 7:48
Show
View Real Time Build Order
Export as new Build Order

Wintersc2 Zerg - Winner!

Build Orders: Hatch First 

Get SALT Encoding   

  12  0:01  Drone  
  13  0:13  Overlord  
  13  0:17  Drone  
  14  0:31  Drone  
  14  0:32  Drone  
  16  0:36  Drone  
  17  0:47  Drone  
  18  0:58  Hatchery  
  18  1:03  Drone  
  18  1:08  Drone  
  19  1:16  Spawning Pool  
  19  1:18  Drone  
  19  1:23  Extractor  
  18  1:30  Drone  
  19  1:40  Drone  
  20  1:51  Drone  
  21  2:00  Hatchery, Overlord  
  20  2:05  Queen  
  22  2:15  Drone x2  
  24  2:22  Queen  
  24  2:24  Drone  
  27  2:32  Metabolic Boost  
  27  2:33  Drone  
  27  2:36  Drone  
  29  2:39  Drone  
  29  2:43  Drone  
  31  2:48  Overlord  
  31  2:53  Drone  
  31  2:57  Drone  
  33  3:04  Overlord  
  33  3:11  Drone  
  33  3:12  Roach Warren  
  33  3:14  Drone x3  
  33  3:18  Drone x2  
  38  3:24  Queen  
  38  3:27  Drone  
  41  3:28  Drone  
  41  3:30  Drone  
  43  3:40  Overlord x2  
  44  3:41  Zergling x2  
  44  3:42  Zergling x2  
  45  3:50  Overlord  
  45  3:52  Roach  
  45  3:53  Roach  
  45  3:54  Extractor  
  48  4:10  Roach  
  48  4:11  Drone x2, Roach x2  
  48  4:15  Overlord, Drone  
  48  4:16  Drone  
  58  4:18  Ravager x2  
  58  4:27  Drone x2  
  58  4:28  Overlord  
  58  4:29  Drone x7  
  67  4:34  Ravager  
  67  4:36  Drone x2  
  70  4:44  Overlord, Zergling x6, Extractor x2  
  71  4:50  Ravager  
  72  4:53  Zergling x8  
  72  4:55  Zergling x8  
  80  5:02  Zergling x4  
  82  5:10  Zergling x2  
  82  5:11  Ravager, Zergling x2  
  82  5:12  Zergling x4  
  84  5:23  Zergling x8  
  81  5:30  Overlord  
  81  5:32  Lair  
  81  5:35  Zergling x2  
  81  5:36  Zergling x4  
  81  5:38  Zergling x6  
  81  5:40  Zergling x4  
  81  5:41  Zergling x2  
  88  5:46  Zergling x4  
  88  5:47  Zergling x2  
  82  5:54  Roach x2  
  82  5:56  Roach  
  85  6:04  Spore Crawler x2  
  84  6:08  Spore Crawler, Roach  
  84  6:09  Roach  
  86  6:12  Roach  
  86  6:13  Roach  
  86  6:19  Roach  
  86  6:20  Roach x2  
  86  6:24  Roach x2  
  89  6:29  Zergling x4  
  86  6:34  Zergling x4  
  86  6:35  Zergling x4  
  86  6:38  Roach x2  
  86  6:39  Roach  
  93  6:40  Roach x2  
  93  6:42  Overlord  
  93  6:44  Roach  
  97  6:49  Overlord  
  97  6:53  Overlord  
  97  6:55  Overlord  
  97  7:02  Ravager x3  
  97  7:03  Ravager x2  
  97  7:04  Ravager  
  97  7:05  Ravager x2  
  105  7:08  Overseer  
  105  7:14  Zergling x2  
  105  7:15  Zergling x2  
Show
View Real Time Build Order
Export as new Build Order

MorroW Protoss 

Build Orders: Nexus First, Blink Stalkers 

Get SALT Encoding   

  12  0:01  Probe  
  13  0:14  Pylon  
  13  0:18  Probe  
  14  0:32  Probe (Chrono Boost)  
  15  0:41  Probe (Chrono Boost)  
  16  0:49  Probe  
  17  1:00  Nexus  
  17  1:02  Probe (Chrono Boost)  
  18  1:14  Probe (Chrono Boost), Gateway  
  19  1:19  Assimilator  
  19  1:22  Probe  
  20  1:27  Assimilator  
  20  1:34  Probe (Chrono Boost)  
  20  1:38  Pylon  
  21  1:46  Probe (Chrono Boost)  
  22  1:56  Probe (Chrono Boost)  
  23  2:02  Zealot  
  23  2:03  Cybernetics Core  
  23  2:07  Probe (Chrono Boost)  
  27  2:18  Probe (Chrono Boost)  
  27  2:19  Probe (Chrono Boost)  
  28  2:24  Probe  
  28  2:26  Gateway  
  28  2:27  Probe  
  30  2:35  Gateway  
  30  2:39  Probe x2 (Chrono Boost)  
  30  2:42  Warp Gate (Chrono Boost)  
  32  2:45  Sentry  
  36  2:52  Mothership Core (Chrono Boost)  
  36  2:57  Probe (Chrono Boost)  
  37  3:04  Probe  
  38  3:06  Probe  
  38  3:09  Forge  
  39  3:15  Adept  
  39  3:16  Probe  
  44  3:20  Probe  
  44  3:21  Pylon  
  44  3:24  Assimilator  
  44  3:26  Assimilator  
  43  3:31  Twilight Council  
  43  3:36  Probe, Pylon  
  43  3:37  Protoss Ground Weapons Level 1  
  43  3:39  Probe  
  45  3:49  Probe  
  45  3:51  Probe  
  45  3:52  Sentry  
  45  3:53  Sentry  
  51  4:02  Pylon  
  51  4:03  Probe, Pylon  
  51  4:04  Probe  
  51  4:15  Probe  
  51  4:16  Probe, Blink (Chrono Boost)  
  52  4:27  Probe  
  52  4:29  Probe  
  54  4:34  Sentry x2  
  54  4:35  Stalker  
  60  4:39  Probe (Chrono Boost), Nexus  
  60  4:41  Probe (Chrono Boost)  
  62  4:50  Robotics Facility  
  62  4:51  Probe (Chrono Boost)  
  63  5:01  Probe x2, Pylon  
  61  5:08  Stalker x3  
  62  5:31  Probe x2  
  62  5:35  Stalker x3  
  70  5:37  Immortal (Chrono Boost)  
  74  5:43  Probe x2  
  66  5:55  Probe  
  65  6:01  Stalker x2  
  65  6:02  Stalker  
  71  6:08  Gateway  
  71  6:10  Probe x2  
  73  6:13  Gateway  
  73  6:22  Probe x2  
  73  6:25  Zealot x2  
  69  6:35  Probe  
  69  6:36  Probe  
  69  6:39  Stalker  
  67  6:50  Immortal  
  71  6:57  Nexus  
  71  7:03  Sentry x2  
  75  7:10  Pylon  
  75  7:11  Pylon  
  73  7:19  Stalker  
  73  7:20  Stalker  
  73  7:25  Stalker  
  61  7:40  Stalker x2  
Tags
 
Add a new tag
Caveats
  • Supply blocks, unpowered buildings, or Contaminate may cause inaccurate times.
  • Supply counts are checked every 10 seconds.